Construct Weapon Support Center
Selects Special Operations Battlegroup
Selects M29 Weasel Recon Vehicle
Selects M29 Weasel Recon Vehicle
Mechanized Support Center
Selects SSF Commando Squad
Designate Forward Repair Station
M3 75 mm Gun Motor Carriage
M3 75 mm Gun Motor Carriage
Improved M9 Bazooka Rockets
Selects P-47 Anti-Infantry Loiter
M3 75 mm Gun Motor Carriage
Selects M4A1 Sherman Whizbang
Construct Medical Station
P-47 Anti-Infantry Loiter
M3 75 mm Gun Motor Carriage
M3 75 mm Gun Motor Carriage
M3 75 mm Gun Motor Carriage
Selects Assault Operation